Wild vs Penguins

Created - Tuesday, March 15, 2016 at 01:57

Goals
1 2 3 OT1 SO T
Wild 0 1 0 0 0 1
Penguins 0 0 1 0 1 2
Shots
1 2 3 OT1 SO T
Wild 11 11 10 3 3 35
Penguins 8 6 15 2 3 31

1st period

No Goal

Penalties :
Jason Gregoire (WBS) for Fighting (Major) at 3:15, Jani Hakanpaa (IOW) for Fighting (Major) at 3:15, Jani Hakanpaa (IOW) for instigated a fight (Minor) at 3:15, Jani Hakanpaa (IOW) for instigated a fight (10 Minutes Misconduct) at 3:15, Carson McMillan (WBS) for Fighting (Major) at 8:01, Mark Van Guilder (IOW) for Fighting (Major) at 8:01, Carson McMillan (WBS) for instigated a fight (Minor) at 8:01, Carson McMillan (WBS) for instigated and being the aggresor in a fight (20 Minutes Game Misconduct) at 8:01, Dustin Gazley (WBS) for Interference (Minor) at 10:54

2nd period

1. Wild , Chris Summers 8 (Michael Keranen, Dan Catenacci) at 0:54

Penalties :
David Wolf (IOW) for Goalie Interference (Minor) at 2:19, Colton Parayko (WBS) for Fighting (Major) at 11:25, Jani Hakanpaa (IOW) for Fighting (Major) at 11:25, Philippe Cornet (WBS) for Fighting (Major) at 12:52, Mark Van Guilder (IOW) for Fighting (Major) at 12:52, Philippe Cornet (WBS) for instigated a fight (Minor) at 12:52, Philippe Cornet (WBS) for instigated a fight (10 Minutes Misconduct) at 12:52

3rd period

2. Penguins , FARMPLAYER2 33 (Akim Aliu) at 0:20

Penalties :
Matt Mangene (WBS) for Fighting (Major) at 0:05, Colin Stuart (IOW) for Fighting (Major) at 0:05, Steve Eminger (IOW) for Interference (Minor) at 4:09, Mike Moore (IOW) for Goalie Interference (Minor) at 13:57, Patrice Cormier (WBS) for Holding (Minor) at 18:32

Overtime #1

No Goal

Penalties :
No Penalty

Shootout

Penalty Shot by Mark Van Guilder for Wild - Stopped by Martin Brodeur
Penalty Shot by FARMPLAYER2 for Penguins - Stopped by Jordan Binnington
Penalty Shot by Devin Shore for Wild - Stopped by Martin Brodeur
Penalty Shot by Patrice Cormier for Penguins - Shot Hit the Post
Penalty Shot by Micheal Haley for Wild - Stopped by Martin Brodeur
Penalty Shot by Philippe Cornet for Penguins - Goal!

Penalties :
No Penalty

Goalie Stats

Jordan Binnington (IOW), 30 saves from 31 shots - (0.968), OTL, 24-13-19, 65:00 minutes
Martin Brodeur (WBS), 34 saves from 35 shots - (0.971), W, 23-8-9, 65:00 minutes

Players Stats for Wild

Player Name              G  A  P  +/- PIM S  H  SB GA TA FO     MP     PP MP  PK MP  
------------------------------------------------------------------------------------
Anthony Camara           0  0  0  -1  0   1  1  0  0  1  2/5    19:20   3:04   5:14 
Cam Janssen              0  0  0   0  0   1  1  0  1  0  0/0     9:27   0:00   0:00 
Chris Summers            1  0  1   0  0   7  1  1  1  0  0/0    21:25   5:07   0:00 
Colin Stuart             0  0  0   0  5   2  1  0  4  1  1/1    14:28   0:00   0:08 
Dan Catenacci            0  1  1   1  0   0  2  1  2  0  3/3    20:24   3:08   2:19 
Danny Hobbs              0  0  0   0  0   3  2  1  2  2  0/0     7:56   0:00   0:00 
David Wolf               0  0  0  -1  2   0  1  0  2  1  5/19   18:11   4:16   0:00 
Devin Shore              0  0  0   1  0   1  0  0  2  0  4/8    13:40   0:00   0:55 
Francis Wathier          0  0  0   0  0   3  1  0  2  1  0/0    13:11   3:08   0:00 
Henri Ikonen             0  0  0   0  0   1  2  0  2  1  5/7    12:36   0:25   0:00 
Jani Hakanpaa            0  0  0   0  22  1  0  0  1  0  0/0    13:26   0:52   1:13 
Jerome Leduc             0  0  0   0  0   5  1  1  1  3  0/0    23:44   0:13   4:10 
Mark Van Guilder         0  0  0   0  10  1  0  2  3  1  8/15   16:02   0:47   5:37 
Michael Keranen          0  1  1   1  0   1  0  0  1  0  0/1    15:29   3:08   0:00 
Micheal Haley            0  0  0  -1  0   3  2  0  2  2  0/1    20:57   4:16   1:47 
Mike Moore               0  0  0   0  2   3  4  1  1  2  0/0    25:58   4:27   3:46 
Shane O'Brien            0  0  0   0  0   1  6  3  0  0  0/0    30:37   4:09   6:43 
Steve Eminger            0  0  0   0  2   1  1  0  0  0  0/0    15:03   0:00   0:00 

Players Stats for Penguins

Player Name              G  A  P  +/- PIM S  H  SB GA TA FO     MP     PP MP  PK MP  
------------------------------------------------------------------------------------
Adam Clendening          0  0  0   0  0   4  1  0  0  0  0/0    20:57   4:21   0:07 
Akim Aliu                0  1  1   1  0   1  4  1  3  1  5/6    13:56   0:45   0:00 
Carson McMillan          0  0  0   0  27  1  1  0  0  0  0/2     1:53   0:00   0:00 
Charles Sarault          0  0  0  -1  0   2  1  2  3  1  9/17   18:47   3:11   0:41 
Colton Parayko           0  0  0  -1  5   4  5  3  2  2  0/0    25:18   3:29   3:02 
Danny Biega              0  0  0   1  0   3  3  3  6  2  0/0    32:32   4:21   2:55 
Dustin Gazley            0  0  0   0  2   0  0  1  1  0  0/0    10:01   0:00   1:04 
FARM PLAYER15            0  0  0  -1  0   1  0  0  0  0  0/0    25:59   3:49   4:30 
FARM PLAYER20            0  0  0   0  0   1  1  1  0  0  1/3    21:49   0:08   2:10 
FARMPLAYER2              1  0  1   1  0   5  1  1  4  5  9/12   26:48   4:15   6:14 
Jason Gregoire           0  0  0   0  5   0  0  1  2  0  0/0     6:53   0:00   0:05 
Jay Rosehill             0  0  0   1  0   1  2  1  0  1  4/7    19:42   2:45   0:07 
Justin Vaive             0  0  0   0  0   4  0  1  2  0  1/1    16:43   0:08   2:19 
Mark Louis               0  0  0   0  0   1  2  0  0  0  0/0     9:41   0:30   0:00 
Matt Mangene             0  0  0   0  5   1  1  0  3  0  0/0    11:57   3:47   1:02 
Patrice Cormier          0  0  0   1  2   0  1  0  0  0  3/12   25:21   4:15   3:16 
Philippe Cornet          0  0  0  -1  17  2  0  2  1  1  0/0    17:49   2:48   3:45 
Trevor Parkes            0  0  0  -1  0   0  0  0  0  0  0/0     5:46   1:08   0:00 

3 Stars

1 - Martin Brodeur (WBS)
2 - Jordan Binnington (IOW)
3 - FARMPLAYER2 (WBS)

Power Play

Wild - 0 on 4 Attempt(s) - 0.00%
Penguins - 0 on 4 Attempt(s) - 0.00%

Penalty Kill

Wild - 4 on 4 Attempt(s) - 100.00% - Score 0 goal in Penalty Kill
Penguins - 4 on 4 Attempt(s) - 100.00% - Score 0 goal in Penalty Kill

Team Stat

Wild - Hits : 26 - Faceoff Wins : 28 - Blocked Shots : 10 - Penalty Minutes : 43
Penguins - Hits : 23 - Faceoff Wins : 32 - Blocked Shots : 17 - Penalty Minutes : 63

Official

Referees : Unknown
Linesman : Unknown

Game Notes

Jani Hakanpaa beats up Jason Gregoire at 3:15 of 1st period
Carson McMillan and Mark Van Guilder fight to a draw at 8:01 of 1st period
Carson McMillan ejected from game at 8:01 of 1st period
Trevor Parkes is injured at 2:07 of 2nd period (Bruised Left Arm)
Colton Parayko and Jani Hakanpaa fight to a draw at 11:25 of 2nd period
Philippe Cornet and Mark Van Guilder fight to a draw at 12:52 of 2nd period
Dustin Gazley is injured at 18:43 of 2nd period (Sore Right Knee)
Colin Stuart beats up Matt Mangene at 0:05 of 3rd period

Finance

Level 1 -- Attendance: 1575 (78.75%) -- Ticket Income $55,125
Level 2 -- Attendance: 813 (81.30%) -- Ticket Income $12,195
Total Attendance: 2388 (79.60%)
Total Ticket Income: $67,320
Other Income: $32,987
Total Income: $100,307

Wild

5 vs 5 Forward 
   Center                   Left Wing                Right Wing               Time % Phy DF OF 
 1 David Wolf               Colin Stuart             Micheal Haley            35     1   2  2  
 2 Devin Shore              Dan Catenacci            Michael Keranen          30     1   2  2  
 3 Mark Van Guilder         Anthony Camara           Danny Hobbs              22     1   2  2  
 4 Henri Ikonen             Francis Wathier          Cam Janssen              13     1   2  2  

5 vs 5 Defense 
   Defense                  Defense                                           Time % Phy DF OF 
 1 Chris Summers            Shane O'Brien                                     35     1   2  2  
 2 Jerome Leduc             Steve Eminger                                     30     1   2  2  
 3 Mike Moore               Jani Hakanpaa                                     22     1   2  2  
 4 Chris Summers            Shane O'Brien                                     13     1   2  2  

PowerPlay Forward 
   Center                   Left Wing                Right Wing               Time % Phy DF OF 
 1 Mark Van Guilder         David Wolf               Micheal Haley            60     1   2  2  
 2 Dan Catenacci            Francis Wathier          Michael Keranen          40     1   2  2  

PowerPlay Defense
   Defense                  Defense                                           Time % Phy DF OF 
 1 Mike Moore               Shane O'Brien                                     60     1   2  2  
 2 Chris Summers            Jani Hakanpaa                                     40     1   2  2  

Penalty Kill 4 Players Forward 
   Center                   Wing                     Time % Phy DF OF 
 1 Mark Van Guilder         Anthony Camara           60     1   2  2  
 2 Micheal Haley            Dan Catenacci            40     1   2  2  

Penalty Kill 4 Players Defense
   Defense                  Defense                  Time % Phy DF OF 
 1 Mike Moore               Shane O'Brien            60     1   2  2  
 2 Jerome Leduc             Jani Hakanpaa            40     1   2  2  

Penalty Kill - 3 Players Forward 
   Forward                                           Time % Phy DF OF 
 1 Mark Van Guilder                                  60     1   2  2  
 2 Micheal Haley                                     40     1   2  2  

Penalty Kill - 3 Players Defense
   Defense                  Defense                  Time % Phy DF OF 
 1 Mike Moore               Shane O'Brien            60     1   2  2  
 2 Chris Summers            Jani Hakanpaa            40     1   2  2  

4 vs 4 Forward 
   Center                   Wing                     Time % Phy DF OF 
 1 Mark Van Guilder         Colin Stuart             60     1   2  2  
 2 Micheal Haley            Dan Catenacci            40     1   2  2  

4 vs 4 Defense
   Defense                  Defense                  Time % Phy DF OF 
 1 Jerome Leduc             Shane O'Brien            60     1   2  2  
 2 Mike Moore               Jani Hakanpaa            40     1   2  2  

Last Minutes Offensive
   Center                   Left Wing                Right Wing               Defense                  Defense                  
   Mark Van Guilder         Colin Stuart             Micheal Haley            Chris Summers            Shane O'Brien            

Last Minutes Defensive
   Center                   Left Wing                Right Wing               Defense                  Defense                  
   Mark Van Guilder         Colin Stuart             Micheal Haley            Chris Summers            Shane O'Brien            

Goaltenders
Starting : Jordan Binnington        
Backup : Doug Carr                

Extra Forwards
Normal : Anthony Camara, Henri Ikonen, Devin Shore - PP : Anthony Camara, Henri Ikonen - PK : Devin Shore
Extra Defensemen
Normal : Mike Moore, Jerome Leduc, Shane O'Brien - PP : Mike Moore - PK : Jerome Leduc, Shane O'Brien
Penalty Shots
Mark Van Guilder, Devin Shore, Micheal Haley, Dan Catenacci, Anthony Camara

Penguins

5 vs 5 Forward 
   Center                   Left Wing                Right Wing               Time % Phy DF OF 
 1 FARMPLAYER2              Patrice Cormier          Matt Mangene             35     1   2  2  
 2 Charles Sarault          Philippe Cornet          Trevor Parkes            30     1   2  2  
 3 Carson McMillan          Justin Vaive             Dustin Gazley            22     1   2  2  
 4 Patrice Cormier          Jason Gregoire           Mark Louis               13     1   2  2  

5 vs 5 Defense 
   Defense                  Defense                                           Time % Phy DF OF 
 1 Adam Clendening          Danny Biega                                       35     1   2  2  
 2 Colton Parayko           FARM PLAYER15                                     30     1   2  2  
 3 FARM PLAYER20            Danny Biega                                       22     1   2  2  
 4 Danny Biega              FARMPLAYER2                                       13     1   2  2  

PowerPlay Forward 
   Center                   Left Wing                Right Wing               Time % Phy DF OF 
 1 FARMPLAYER2              Patrice Cormier          Matt Mangene             60     1   2  2  
 2 Charles Sarault          Philippe Cornet          Trevor Parkes            40     1   2  2  

PowerPlay Defense
   Defense                  Defense                                           Time % Phy DF OF 
 1 Adam Clendening          Danny Biega                                       60     1   2  2  
 2 Colton Parayko           FARM PLAYER15                                     40     1   2  2  

Penalty Kill 4 Players Forward 
   Center                   Wing                     Time % Phy DF OF 
 1 Patrice Cormier          Philippe Cornet          60     1   2  2  
 2 Justin Vaive             Matt Mangene             40     1   2  2  

Penalty Kill 4 Players Defense
   Defense                  Defense                  Time % Phy DF OF 
 1 FARM PLAYER15            Danny Biega              60     1   2  2  
 2 FARMPLAYER2              Colton Parayko           40     1   2  2  

Penalty Kill - 3 Players Forward 
   Forward                                           Time % Phy DF OF 
 1 Patrice Cormier                                   60     1   2  2  
 2 Philippe Cornet                                   40     1   2  2  

Penalty Kill - 3 Players Defense
   Defense                  Defense                  Time % Phy DF OF 
 1 FARM PLAYER15            Danny Biega              60     1   2  2  
 2 FARMPLAYER2              Colton Parayko           40     1   2  2  

4 vs 4 Forward 
   Center                   Wing                     Time % Phy DF OF 
 1 Patrice Cormier          Philippe Cornet          60     1   2  2  
 2 Justin Vaive             Matt Mangene             40     1   2  2  

4 vs 4 Defense
   Defense                  Defense                  Time % Phy DF OF 
 1 FARM PLAYER20            Danny Biega              60     1   2  2  
 2 FARMPLAYER2              Colton Parayko           40     1   2  2  

Last Minutes Offensive
   Center                   Left Wing                Right Wing               Defense                  Defense                  
   FARMPLAYER2              Patrice Cormier          Matt Mangene             Adam Clendening          Danny Biega              

Last Minutes Defensive
   Center                   Left Wing                Right Wing               Defense                  Defense                  
   FARMPLAYER2              Patrice Cormier          Matt Mangene             Adam Clendening          Danny Biega              

Goaltenders
Starting : Martin Brodeur           
Backup : Dan Ellis                

Extra Forwards
Normal : Jay Rosehill, Akim Aliu, Dustin Gazley - PP : Jay Rosehill, Akim Aliu - PK : Dustin Gazley
Extra Defensemen
Normal : FARM PLAYER20, FARM PLAYER15, Colton Parayko - PP : FARM PLAYER20 - PK : FARM PLAYER15, Colton Parayko
Penalty Shots
FARMPLAYER2, Patrice Cormier, Philippe Cornet, Justin Vaive, Matt Mangene

% Time on Ice - Wild

Lines # - Real PCT - Wanted PCT - Time Play
Normal Forward
1 - 30% - 35% - 13:36
2 - 31% - 30% - 13:50
3 - 18% - 22% - 7:56
4 - 21% - 13% - 9:18
Normal Defense
1 - 33% - 35% - 14:42
2 - 35% - 30% - 15:36
3 - 29% - 22% - 13:08
4 - 3% - 13% - 1:14
PP Forward
1 - 58% - 60% - 4:16
2 - 42% - 40% - 3:08
PP Defense
1 - 31% - 60% - 2:17
2 - 69% - 40% - 5:07
PK Forward
1 - 78% - 60% - 6:09
2 - 22% - 40% - 1:47
PK Defense
1 - 72% - 60% - 5:45
2 - 28% - 40% - 2:11
PK3 Forward
1 - 0% - 60%
2 - 0% - 40%
PK3 Defense
1 - 0% - 60%
2 - 0% - 40%
44 Forward
1 - 100% - 60% - 5:00
2 - 0% - 40% - 0:00
44 Defense
1 - 53% - 60% - 2:40
2 - 47% - 40% - 2:20
Last Minute Offensive  - 0:00
Last Minute Defensive  - 0:00
Total
Forward - 65:00
Defense - 65:00

% Time on Ice - Penguins

Lines # - Real PCT - Wanted PCT - Time Play
Normal Forward
1 - 19% - 35% - 8:16
2 - 33% - 30% - 14:45
3 - 32% - 22% - 14:27
4 - 16% - 13% - 7:12
Normal Defense
1 - 40% - 35% - 17:49
2 - 32% - 30% - 14:26
3 - 17% - 22% - 7:33
4 - 11% - 13% - 4:52
PP Forward
1 - 54% - 60% - 4:15
2 - 46% - 40% - 3:41
PP Defense
1 - 55% - 60% - 4:21
2 - 45% - 40% - 3:35
PK Forward
1 - 86% - 60% - 6:22
2 - 14% - 40% - 1:02
PK Defense
1 - 32% - 60% - 2:23
2 - 68% - 40% - 5:01
PK3 Forward
1 - 100% - 60% - 0:32
2 - 0% - 40% - 0:00
PK3 Defense
1 - 100% - 60% - 0:32
2 - 0% - 40% - 0:00
44 Forward
1 - 100% - 60% - 4:28
2 - 0% - 40% - 0:00
44 Defense
1 - 41% - 60% - 1:49
2 - 59% - 40% - 2:39
Last Minute Offensive  - 0:00
Last Minute Defensive  - 0:00
Total
Forward - 65:00
Defense - 65:00

Play by Play

1st period


0:01 of 1st period - FARMPLAYER2 wins face-off versus Micheal Haley in neutral zone.
0:04 of 1st period - Slapshot by Danny Biega.
0:04 of 1st period - Stopped by Jordan Binnington without a rebound.
0:05 of 1st period - David Wolf wins face-off versus FARMPLAYER2 in Wild zone.
0:18 of 1st period - Wrist shot by Micheal Haley.
0:18 of 1st period - Stopped by Martin Brodeur with a rebound.
0:20 of 1st period - Snap shot by Micheal Haley.
0:20 of 1st period - Shot Misses the Net.
0:22 of 1st period - Slapshot by Chris Summers.
0:22 of 1st period - Stopped by Martin Brodeur with a rebound.
0:42 of 1st period - Snap shot by Colin Stuart.
0:42 of 1st period - Shot Misses the Net.
0:57 of 1st period - Devin Shore is hit by Matt Mangene and loses puck.
2:20 of 1st period - Snap shot by Justin Vaive.
2:20 of 1st period - Shot Blocked by Mark Van Guilder.
2:22 of 1st period - Slapshot by FARM PLAYER20.
2:22 of 1st period - Stopped by Jordan Binnington with a rebound.
2:24 of 1st period - Slapshot by Justin Vaive.
2:24 of 1st period - Shot Misses the Net.
2:26 of 1st period - Wrist shot by Justin Vaive.
2:26 of 1st period - Stopped by Jordan Binnington with a rebound.
3:15 of 1st period - Jani Hakanpaa beats up Jason Gregoire.
3:15 of 1st period - Penalty to Jason Gregoire for Fighting.
3:15 of 1st period - Penalty to Jani Hakanpaa for Fighting.
3:15 of 1st period - Penalty to Jani Hakanpaa for instigated a fight.
3:15 of 1st period - Penalty to Jani Hakanpaa for instigated a fight.
3:16 of 1st period - Mark Van Guilder wins face-off versus Charles Sarault in Penguins zone.
3:35 of 1st period - Snap shot by Philippe Cornet.
3:35 of 1st period - Stopped by Jordan Binnington without a rebound.
3:36 of 1st period - Mark Van Guilder wins face-off versus Charles Sarault in Wild zone.
3:49 of 1st period - Shane O'Brien is hit by Charles Sarault and loses puck.
4:31 of 1st period - Slapshot by FARMPLAYER2.
4:31 of 1st period - Shot Blocked by Shane O'Brien.
4:33 of 1st period - Slapshot by Danny Biega.
4:33 of 1st period - Stopped by Jordan Binnington with a rebound.
4:35 of 1st period - Snap shot by Matt Mangene.
4:35 of 1st period - Shot Hit the Post.
5:15 of 1st period - Penalty to Jani Hakanpaa is over, Cam Janssen is send on ice.
5:19 of 1st period - Philippe Cornet is hit by Cam Janssen and loses puck.
5:38 of 1st period - Philippe Cornet is hit by Mike Moore and loses puck.
5:45 of 1st period - Slapshot by Henri Ikonen.
5:45 of 1st period - Shot Misses the Net.
5:47 of 1st period - Snap shot by Cam Janssen.
5:47 of 1st period - Stopped by Martin Brodeur without a rebound.
5:48 of 1st period - David Wolf wins face-off versus Carson McMillan in Penguins zone.
6:21 of 1st period - Chris Summers is hit by Carson McMillan and loses puck.
6:59 of 1st period - Wrist shot by Francis Wathier.
6:59 of 1st period - Shot Misses the Net.
7:03 of 1st period - Wrist shot by Mike Moore.
7:03 of 1st period - Deflect By Cam Janssen.
7:03 of 1st period - Shot Misses the Net.
7:03 of 1st period - Puck is out of play.
7:04 of 1st period - Devin Shore wins face-off versus Akim Aliu in Penguins zone.
7:42 of 1st period - Slapshot by Dustin Gazley.
7:42 of 1st period - Shot Misses the Net.
7:44 of 1st period - Wrist shot by Carson McMillan.
7:44 of 1st period - Stopped by Jordan Binnington without a rebound.
7:45 of 1st period - Mark Van Guilder wins face-off versus Carson McMillan in Wild zone.
8:01 of 1st period - Carson McMillan and Mark Van Guilder fight to a draw.
8:01 of 1st period - Penalty to Carson McMillan for Fighting.
8:01 of 1st period - Penalty to Mark Van Guilder for Fighting.
8:01 of 1st period - Penalty to Carson McMillan for instigated a fight.
8:01 of 1st period - Penalty to Carson McMillan for instigated and being the aggresor in a fight.
8:01 of 1st period - Carson McMillan is ejected from game.
8:02 of 1st period - Patrice Cormier wins face-off versus Anthony Camara in Wild zone.
8:15 of 1st period - Penalty to Jason Gregoire is over, Jason Gregoire is back on ice.
8:55 of 1st period - Off-side.
8:56 of 1st period - Dan Catenacci wins face-off versus Patrice Cormier in neutral zone.
8:59 of 1st period - Snap shot by Chris Summers.
8:59 of 1st period - Stopped by Martin Brodeur with a rebound.
9:01 of 1st period - Slapshot by Chris Summers.
9:01 of 1st period - Deflect By Michael Keranen.
9:01 of 1st period - Shot Blocked by Philippe Cornet.
9:01 of 1st period - Puck is out of play.
9:02 of 1st period - Dan Catenacci wins face-off versus Patrice Cormier in Penguins zone.
9:27 of 1st period - Slapshot by Chris Summers.
9:27 of 1st period - Shot Blocked by Philippe Cornet.
9:29 of 1st period - Wrist shot by Dan Catenacci.
9:29 of 1st period - Deflect By Francis Wathier.
9:29 of 1st period - Shot Blocked by Danny Biega.
9:29 of 1st period - Puck is out of play.
9:30 of 1st period - Justin Vaive wins face-off versus Anthony Camara in Penguins zone.
9:57 of 1st period - Wrist shot by Justin Vaive.
9:57 of 1st period - Stopped by Jordan Binnington with a rebound.
10:01 of 1st period - Penalty to Carson McMillan is over, Dustin Gazley is send on ice.
10:07 of 1st period - Justin Vaive is hit by Mike Moore.
10:54 of 1st period - Minor Penalty to Dustin Gazley for Interference.
10:55 of 1st period - Anthony Camara wins face-off versus Patrice Cormier in Penguins zone.
11:43 of 1st period - Justin Vaive is hit by Dan Catenacci.
12:07 of 1st period - Colton Parayko is hit by Shane O'Brien and loses puck.
12:54 of 1st period - Penalty to Dustin Gazley is over, Dustin Gazley is back on ice.
13:08 of 1st period - Francis Wathier is hit by Colton Parayko and loses puck.
13:43 of 1st period - Snap shot by Trevor Parkes.
13:43 of 1st period - Shot Misses the Net.
14:28 of 1st period - Wrist shot by Michael Keranen.
14:28 of 1st period - Shot Misses the Net.
14:30 of 1st period - Slapshot by Jerome Leduc.
14:30 of 1st period - Deflect By Dan Catenacci.
14:30 of 1st period - Shot Blocked by Danny Biega.
14:30 of 1st period - Puck is out of play.
14:31 of 1st period - Jay Rosehill wins face-off versus Devin Shore in Penguins zone.
14:54 of 1st period - Snap shot by Colin Stuart.
14:54 of 1st period - Stopped by Martin Brodeur without a rebound.
14:55 of 1st period - David Wolf wins face-off versus Charles Sarault in Penguins zone.
14:56 of 1st period - Wrist shot by Micheal Haley.
14:56 of 1st period - Stopped by Martin Brodeur without a rebound.
14:57 of 1st period - Colin Stuart wins face-off versus Charles Sarault in Penguins zone.
15:00 of 1st period - Snap shot by Colin Stuart.
15:00 of 1st period - Shot Misses the Net.
15:54 of 1st period - Slapshot by Chris Summers.
15:54 of 1st period - Stopped by Martin Brodeur with a rebound.
15:56 of 1st period - Snap shot by Mark Van Guilder.
15:56 of 1st period - Stopped by Martin Brodeur with a rebound.
16:18 of 1st period - Snap shot by Dan Catenacci.
16:18 of 1st period - Deflect By Devin Shore.
16:18 of 1st period - Stopped by Martin Brodeur with a rebound.
17:03 of 1st period - Micheal Haley is hit by Danny Biega and loses puck.
17:12 of 1st period - Snap shot by Trevor Parkes.
17:12 of 1st period - Shot Misses the Net.
17:14 of 1st period - Slapshot by Colton Parayko.
17:14 of 1st period - Deflect By Chris Summers.
17:14 of 1st period - Stopped by Jordan Binnington with a rebound.
17:30 of 1st period - FARM PLAYER15 is hit by Anthony Camara and loses puck.
17:40 of 1st period - Slapshot by Jerome Leduc.
17:40 of 1st period - Stopped by Martin Brodeur with a rebound.
18:15 of 1st period - 10 Minutes Misconduct Penalty to Jani Hakanpaa is over.
18:50 of 1st period - Snap shot by Francis Wathier.
18:50 of 1st period - Stopped by Martin Brodeur without a rebound.
18:51 of 1st period - Henri Ikonen wins face-off versus Jay Rosehill in Penguins zone.
19:27 of 1st period - Colton Parayko is hit by Danny Hobbs.
19:59 of 1st period - Slapshot by Colin Stuart.
19:59 of 1st period - Shot Blocked by Colton Parayko.
Goals for this period are 0 for Wild vs 0 for Penguins.
Shots for this period are 11 for Wild vs 8 for Penguins.

2nd period


0:01 of 2nd period - Jay Rosehill wins face-off versus David Wolf in neutral zone.
0:22 of 2nd period - Backhand shot by FARMPLAYER2.
0:22 of 2nd period - Shot Blocked by Chris Summers.
0:24 of 2nd period - Snap shot by Jay Rosehill.
0:24 of 2nd period - Stopped by Jordan Binnington without a rebound.
0:25 of 2nd period - Devin Shore wins face-off versus Charles Sarault in Wild zone.
0:54 of 2nd period - Slapshot by Chris Summers.
0:54 of 2nd period - Goal by Chris Summers - Wild : 1 - Penguins : 0.
0:55 of 2nd period - FARMPLAYER2 wins face-off versus David Wolf in neutral zone.
0:58 of 2nd period - Colin Stuart is hit by Patrice Cormier and loses puck.
2:06 of 2nd period - Trevor Parkes is hit by Shane O'Brien and loses puck.
2:07 of 2nd period - Trevor Parkes from Penguins is injured at 2:07 of 2nd period (Bruised Left Arm).
2:08 of 2nd period - FARMPLAYER2 wins face-off versus David Wolf in Penguins zone.
2:08 of 2nd period - FARMPLAYER2 is hit by Micheal Haley.
2:19 of 2nd period - Minor Penalty to David Wolf for Goalie Interference.
2:20 of 2nd period - FARMPLAYER2 wins face-off versus Mark Van Guilder in Wild zone.
2:55 of 2nd period - Snap shot by Danny Biega.
2:55 of 2nd period - Shot Blocked by Shane O'Brien.
2:57 of 2nd period - Slapshot by Adam Clendening.
2:57 of 2nd period - Stopped by Jordan Binnington with a rebound.
3:01 of 2nd period - 10 Minutes Misconduct Penalty to Carson McMillan is over.
3:29 of 2nd period - Charles Sarault is hit by Shane O'Brien and loses puck.
4:19 of 2nd period - Penalty to David Wolf is over, David Wolf is back on ice.
4:26 of 2nd period - Dan Catenacci is hit by Colton Parayko and loses puck.
4:33 of 2nd period - Matt Mangene is hit by Micheal Haley and loses puck.
5:27 of 2nd period - Charles Sarault is hit by Henri Ikonen and loses puck.
5:57 of 2nd period - Wrist shot by Justin Vaive.
5:57 of 2nd period - Shot Misses the Net.
7:03 of 2nd period - Snap shot by Jerome Leduc.
7:03 of 2nd period - Shot Misses the Net.
7:53 of 2nd period - Icing by Charles Sarault.
7:54 of 2nd period - Devin Shore wins face-off versus Charles Sarault in Penguins zone.
7:55 of 2nd period - Slapshot by Michael Keranen.
7:55 of 2nd period - Stopped by Martin Brodeur with a rebound.
8:11 of 2nd period - Snap shot by Justin Vaive.
8:11 of 2nd period - Stopped by Jordan Binnington with a rebound.
8:29 of 2nd period - FARM PLAYER15 is hit by Henri Ikonen and loses puck.
8:34 of 2nd period - Slapshot by Jerome Leduc.
8:34 of 2nd period - Deflect By Henri Ikonen.
8:34 of 2nd period - Shot Misses the Net.
8:34 of 2nd period - Puck is out of play.
8:35 of 2nd period - Akim Aliu wins face-off versus Henri Ikonen in Penguins zone.
9:01 of 2nd period - Icing by Akim Aliu.
9:02 of 2nd period - Charles Sarault wins face-off versus David Wolf in Penguins zone.
9:32 of 2nd period - Colin Stuart is hit by Jay Rosehill and loses puck.
9:59 of 2nd period - Mark Van Guilder is hit by Colton Parayko and loses puck.
10:58 of 2nd period - Colton Parayko is hit by Steve Eminger.
11:16 of 2nd period - Backhand shot by Shane O'Brien.
11:16 of 2nd period - Shot Misses the Net.
11:18 of 2nd period - Slapshot by Chris Summers.
11:18 of 2nd period - Shot Misses the Net.
11:20 of 2nd period - Snap shot by Henri Ikonen.
11:20 of 2nd period - Stopped by Martin Brodeur with a rebound.
11:22 of 2nd period - Snap shot by Jani Hakanpaa.
11:22 of 2nd period - Shot Blocked by Dustin Gazley.
11:24 of 2nd period - Slapshot by Jani Hakanpaa.
11:24 of 2nd period - Shot Blocked by Justin Vaive.
11:25 of 2nd period - Colton Parayko and Jani Hakanpaa fight to a draw.
11:25 of 2nd period - Penalty to Colton Parayko for Fighting.
11:25 of 2nd period - Penalty to Jani Hakanpaa for Fighting.
11:26 of 2nd period - Charles Sarault wins face-off versus David Wolf in Penguins zone.
11:33 of 2nd period - Danny Biega is hit by Jerome Leduc and loses puck.
11:52 of 2nd period - Mike Moore is hit by Akim Aliu and loses puck.
12:12 of 2nd period - Michael Keranen is hit by Adam Clendening and loses puck.
12:52 of 2nd period - Philippe Cornet and Mark Van Guilder fight to a draw.
12:52 of 2nd period - Penalty to Philippe Cornet for Fighting.
12:52 of 2nd period - Penalty to Mark Van Guilder for Fighting.
12:52 of 2nd period - Penalty to Philippe Cornet for instigated a fight.
12:52 of 2nd period - Penalty to Philippe Cornet for instigated a fight.
12:53 of 2nd period - Anthony Camara wins face-off versus Patrice Cormier in Wild zone.
13:43 of 2nd period - Snap shot by Chris Summers.
13:43 of 2nd period - Stopped by Martin Brodeur with a rebound.
13:45 of 2nd period - Slapshot by Mike Moore.
13:45 of 2nd period - Stopped by Martin Brodeur without a rebound.
13:46 of 2nd period - Dan Catenacci wins face-off versus FARM PLAYER20 in Penguins zone.
13:47 of 2nd period - Slapshot by Chris Summers.
13:47 of 2nd period - Shot Misses the Net.
14:01 of 2nd period - Snap shot by Dan Catenacci.
14:01 of 2nd period - Shot Blocked by FARM PLAYER20.
14:03 of 2nd period - Snap shot by Francis Wathier.
14:03 of 2nd period - Stopped by Martin Brodeur without a rebound.
14:04 of 2nd period - Patrice Cormier wins face-off versus Anthony Camara in Penguins zone.
14:13 of 2nd period - Patrice Cormier is hit by David Wolf and loses puck.
14:44 of 2nd period - FARMPLAYER2 is hit by Shane O'Brien.
14:52 of 2nd period - Penalty to Philippe Cornet is over, Mark Louis is send on ice.
15:09 of 2nd period - Icing by Chris Summers.
15:10 of 2nd period - Akim Aliu wins face-off versus Henri Ikonen in Wild zone.
15:13 of 2nd period - Wrist shot by Charles Sarault.
15:13 of 2nd period - Shot Blocked by Danny Hobbs.
15:28 of 2nd period - Slapshot by Danny Biega.
15:28 of 2nd period - Shot Blocked by Mike Moore.
15:30 of 2nd period - Slapshot by Danny Biega.
15:30 of 2nd period - Deflect By Charles Sarault.
15:30 of 2nd period - Stopped by Jordan Binnington without a rebound.
15:31 of 2nd period - Charles Sarault wins face-off versus David Wolf in Wild zone.
16:39 of 2nd period - Chris Summers is hit by FARM PLAYER20.
16:49 of 2nd period - Danny Biega is hit by Chris Summers and loses puck.
17:09 of 2nd period - Slapshot by Mike Moore.
17:09 of 2nd period - Stopped by Martin Brodeur with a rebound.
17:11 of 2nd period - Snap shot by Mike Moore.
17:11 of 2nd period - Shot Misses the Net.
17:13 of 2nd period - Slapshot by Mike Moore.
17:13 of 2nd period - Stopped by Martin Brodeur with a rebound.
17:32 of 2nd period - Snap shot by Cam Janssen.
17:32 of 2nd period - Deflect By Francis Wathier.
17:32 of 2nd period - Stopped by Martin Brodeur with a rebound.
17:34 of 2nd period - Wrist shot by Cam Janssen.
17:34 of 2nd period - Shot Misses the Net.
17:36 of 2nd period - Wrist shot by Francis Wathier.
17:36 of 2nd period - Shot Blocked by Charles Sarault.
17:38 of 2nd period - Slapshot by Steve Eminger.
17:38 of 2nd period - Stopped by Martin Brodeur with a rebound.
17:40 of 2nd period - Slapshot by Jerome Leduc.
17:40 of 2nd period - Stopped by Martin Brodeur without a rebound.
17:41 of 2nd period - Henri Ikonen wins face-off versus Patrice Cormier in Penguins zone.
18:42 of 2nd period - Dustin Gazley is hit by Dan Catenacci and loses puck.
18:43 of 2nd period - Dustin Gazley from Penguins is injured at 18:43 of 2nd period (Sore Right Knee).
18:44 of 2nd period - FARMPLAYER2 wins face-off versus David Wolf in Penguins zone.
18:55 of 2nd period - Snap shot by FARMPLAYER2.
18:55 of 2nd period - Stopped by Jordan Binnington without a rebound.
18:56 of 2nd period - David Wolf wins face-off versus FARMPLAYER2 in Wild zone.
19:22 of 2nd period - Wrist shot by FARMPLAYER2.
19:22 of 2nd period - Shot Misses the Net.
19:24 of 2nd period - Wrist shot by FARMPLAYER2.
19:24 of 2nd period - Shot Misses the Net.
19:26 of 2nd period - Slapshot by Matt Mangene.
19:26 of 2nd period - Stopped by Jordan Binnington without a rebound.
19:27 of 2nd period - Charles Sarault wins face-off versus Devin Shore in Wild zone.
Goals for this period are 1 for Wild vs 0 for Penguins.
Shots for this period are 11 for Wild vs 6 for Penguins.

3rd period


0:01 of 3rd period - Jay Rosehill wins face-off versus David Wolf in neutral zone.
0:05 of 3rd period - Colin Stuart beats up Matt Mangene.
0:05 of 3rd period - Penalty to Matt Mangene for Fighting.
0:05 of 3rd period - Penalty to Colin Stuart for Fighting.
0:06 of 3rd period - Akim Aliu wins face-off versus David Wolf in Wild zone.
0:09 of 3rd period - Snap shot by Danny Biega.
0:09 of 3rd period - Shot Misses the Net.
0:16 of 3rd period - Off-side.
0:17 of 3rd period - Akim Aliu wins face-off versus David Wolf in neutral zone.
0:20 of 3rd period - Slapshot by FARMPLAYER2.
0:20 of 3rd period - Deflect By Chris Summers.
0:20 of 3rd period - Goal by FARMPLAYER2 - Wild : 1 - Penguins : 1.
0:21 of 3rd period - FARMPLAYER2 wins face-off versus David Wolf in neutral zone.
0:30 of 3rd period - Slapshot by Colton Parayko.
0:30 of 3rd period - Shot Blocked by Shane O'Brien.
0:36 of 3rd period - Wrist shot by Micheal Haley.
0:36 of 3rd period - Shot Misses the Net.
0:38 of 3rd period - Slapshot by Chris Summers.
0:38 of 3rd period - Stopped by Martin Brodeur without a rebound.
0:39 of 3rd period - FARMPLAYER2 wins face-off versus David Wolf in Penguins zone.
0:39 of 3rd period - FARMPLAYER2 is hit by Shane O'Brien.
1:05 of 3rd period - Snap shot by FARMPLAYER2.
1:05 of 3rd period - Stopped by Jordan Binnington with a rebound.
1:23 of 3rd period - Chris Summers is hit by Akim Aliu and loses puck.
1:28 of 3rd period - Slapshot by Charles Sarault.
1:28 of 3rd period - Stopped by Jordan Binnington without a rebound.
1:29 of 3rd period - Charles Sarault wins face-off versus Michael Keranen in Wild zone.
1:53 of 3rd period - Backhand shot by Akim Aliu.
1:53 of 3rd period - Stopped by Jordan Binnington with a rebound.
1:55 of 3rd period - Slapshot by Adam Clendening.
1:55 of 3rd period - Stopped by Jordan Binnington without a rebound.
1:56 of 3rd period - Henri Ikonen wins face-off versus Jay Rosehill in Wild zone.
2:19 of 3rd period - Slapshot by Justin Vaive.
2:19 of 3rd period - Stopped by Jordan Binnington with a rebound.
2:31 of 3rd period - Wrist shot by Francis Wathier.
2:31 of 3rd period - Shot Misses the Net.
2:33 of 3rd period - Slapshot by Cam Janssen.
2:33 of 3rd period - Shot Blocked by FARMPLAYER2.
2:47 of 3rd period - Snap shot by David Wolf.
2:47 of 3rd period - Shot Misses the Net.
2:49 of 3rd period - Wrist shot by David Wolf.
2:49 of 3rd period - Deflect By Danny Biega.
2:49 of 3rd period - Shot Hit the Post.
2:49 of 3rd period - Puck is out of play.
2:50 of 3rd period - Charles Sarault wins face-off versus David Wolf in Penguins zone.
3:09 of 3rd period - Wrist shot by Chris Summers.
3:09 of 3rd period - Shot Blocked by Colton Parayko.
3:11 of 3rd period - Wrist shot by Micheal Haley.
3:11 of 3rd period - Shot Misses the Net.
3:13 of 3rd period - Snap shot by Anthony Camara.
3:13 of 3rd period - Stopped by Martin Brodeur with a rebound.
3:15 of 3rd period - Backhand shot by Anthony Camara.
3:15 of 3rd period - Shot Blocked by Jay Rosehill.
3:17 of 3rd period - Slapshot by Chris Summers.
3:17 of 3rd period - Stopped by Martin Brodeur without a rebound.
3:18 of 3rd period - Akim Aliu wins face-off versus Devin Shore in Penguins zone.
4:09 of 3rd period - Minor Penalty to Steve Eminger for Interference.
4:10 of 3rd period - Mark Van Guilder wins face-off versus FARMPLAYER2 in Wild zone.
4:19 of 3rd period - Slapshot by Adam Clendening.
4:19 of 3rd period - Stopped by Jordan Binnington with a rebound.
4:21 of 3rd period - Slapshot by FARMPLAYER2.
4:21 of 3rd period - Deflect By Jay Rosehill.
4:21 of 3rd period - Shot Blocked by Mark Van Guilder.
4:21 of 3rd period - Puck is out of play.
4:22 of 3rd period - FARMPLAYER2 wins face-off versus Mark Van Guilder in Wild zone.
4:25 of 3rd period - Wrist shot by FARMPLAYER2.
4:25 of 3rd period - Shot Misses the Net.
4:27 of 3rd period - Slapshot by Adam Clendening.
4:27 of 3rd period - Stopped by Jordan Binnington with a rebound.
4:33 of 3rd period - Snap shot by Danny Biega.
4:33 of 3rd period - Shot Misses the Net.
4:35 of 3rd period - Slapshot by FARMPLAYER2.
4:35 of 3rd period - Stopped by Jordan Binnington with a rebound.
4:37 of 3rd period - Wrist shot by FARMPLAYER2.
4:37 of 3rd period - Stopped by Jordan Binnington without a rebound.
4:38 of 3rd period - Mark Van Guilder wins face-off versus Charles Sarault in Wild zone.
4:49 of 3rd period - Snap shot by Charles Sarault.
4:49 of 3rd period - Shot Misses the Net.
4:51 of 3rd period - Snap shot by Colton Parayko.
4:51 of 3rd period - Stopped by Jordan Binnington with a rebound.
4:53 of 3rd period - Wrist shot by Akim Aliu.
4:53 of 3rd period - Shot Misses the Net.
5:05 of 3rd period - Penalty to Colin Stuart is over, Colin Stuart is back on ice.
5:49 of 3rd period - Wrist shot by Anthony Camara.
5:49 of 3rd period - Shot Misses the Net.
6:09 of 3rd period - Penalty to Steve Eminger is over, Steve Eminger is back on ice.
7:02 of 3rd period - Chris Summers is hit by Mark Louis and loses puck.
7:17 of 3rd period - Snap shot by Dan Catenacci.
7:17 of 3rd period - Deflect By Akim Aliu.
7:17 of 3rd period - Shot Misses the Net.
7:17 of 3rd period - Puck is out of play.
7:18 of 3rd period - Charles Sarault wins face-off versus Devin Shore in Penguins zone.
7:34 of 3rd period - Wrist shot by Michael Keranen.
7:34 of 3rd period - Shot Misses the Net.
7:36 of 3rd period - Snap shot by Devin Shore.
7:36 of 3rd period - Shot Misses the Net.
7:52 of 3rd period - 10 Minutes Misconduct Penalty to Philippe Cornet is over.
8:38 of 3rd period - Snap shot by Colin Stuart.
8:38 of 3rd period - Shot Misses the Net.
8:40 of 3rd period - Wrist shot by Micheal Haley.
8:40 of 3rd period - Shot Misses the Net.
8:42 of 3rd period - Snap shot by Colin Stuart.
8:42 of 3rd period - Shot Misses the Net.
8:44 of 3rd period - Snap shot by David Wolf.
8:44 of 3rd period - Shot Blocked by Jason Gregoire.
8:46 of 3rd period - Slapshot by Jerome Leduc.
8:46 of 3rd period - Deflect By Adam Clendening.
8:46 of 3rd period - Stopped by Martin Brodeur with a rebound.
8:48 of 3rd period - Slapshot by Jerome Leduc.
8:48 of 3rd period - Stopped by Martin Brodeur without a rebound.
8:49 of 3rd period - Devin Shore wins face-off versus Jay Rosehill in Penguins zone.
9:22 of 3rd period - Snap shot by Danny Hobbs.
9:22 of 3rd period - Stopped by Martin Brodeur without a rebound.
9:23 of 3rd period - Charles Sarault wins face-off versus Mark Van Guilder in Penguins zone.
9:23 of 3rd period - Charles Sarault is hit by Mike Moore.
10:39 of 3rd period - Colin Stuart is hit by Akim Aliu and loses puck.
10:52 of 3rd period - Colin Stuart is hit by Akim Aliu.
11:57 of 3rd period - Snap shot by Danny Hobbs.
11:57 of 3rd period - Stopped by Martin Brodeur with a rebound.
11:59 of 3rd period - Slapshot by Steve Eminger.
11:59 of 3rd period - Shot Misses the Net.
12:01 of 3rd period - Wrist shot by Danny Hobbs.
12:01 of 3rd period - Stopped by Martin Brodeur without a rebound.
12:02 of 3rd period - Henri Ikonen wins face-off versus Patrice Cormier in Penguins zone.
12:30 of 3rd period - Snap shot by Philippe Cornet.
12:30 of 3rd period - Stopped by Jordan Binnington with a rebound.
12:32 of 3rd period - Wrist shot by Akim Aliu.
12:32 of 3rd period - Deflect By Charles Sarault.
12:32 of 3rd period - Shot Misses the Net.
12:32 of 3rd period - Puck is out of play.
12:33 of 3rd period - Charles Sarault wins face-off versus David Wolf in Wild zone.
12:34 of 3rd period - Wrist shot by Philippe Cornet.
12:34 of 3rd period - Shot Blocked by Jerome Leduc.
12:44 of 3rd period - Snap shot by Micheal Haley.
12:44 of 3rd period - Shot Blocked by Colton Parayko.
13:00 of 3rd period - Wrist shot by Micheal Haley.
13:00 of 3rd period - Shot Misses the Net.
13:02 of 3rd period - Snap shot by Micheal Haley.
13:02 of 3rd period - Shot Blocked by Charles Sarault.
13:20 of 3rd period - Charles Sarault is hit by Danny Hobbs and loses puck.
13:39 of 3rd period - Danny Hobbs is hit by Colton Parayko and loses puck.
13:57 of 3rd period - Minor Penalty to Mike Moore for Goalie Interference.
13:58 of 3rd period - FARMPLAYER2 wins face-off versus Mark Van Guilder in Wild zone.
15:41 of 3rd period - Slapshot by Colton Parayko.
15:41 of 3rd period - Shot Blocked by Dan Catenacci.
15:43 of 3rd period - Snap shot by Colton Parayko.
15:43 of 3rd period - Shot Misses the Net.
15:45 of 3rd period - Slapshot by FARM PLAYER15.
15:45 of 3rd period - Stopped by Jordan Binnington with a rebound.
15:57 of 3rd period - Penalty to Mike Moore is over, Mike Moore is back on ice.
16:06 of 3rd period - Slapshot by Justin Vaive.
16:06 of 3rd period - Deflect By Mark Louis.
16:06 of 3rd period - Stopped by Jordan Binnington with a rebound.
16:08 of 3rd period - Slapshot by Colton Parayko.
16:08 of 3rd period - Stopped by Jordan Binnington with a rebound.
16:24 of 3rd period - Jani Hakanpaa is hit by Mark Louis and loses puck.
16:58 of 3rd period - Icing by Henri Ikonen.
16:59 of 3rd period - Henri Ikonen wins face-off versus Charles Sarault in Wild zone.
17:33 of 3rd period - Colton Parayko is hit by Colin Stuart and loses puck.
17:54 of 3rd period - Slapshot by Chris Summers.
17:54 of 3rd period - Shot Blocked by Akim Aliu.
18:32 of 3rd period - Minor Penalty to Patrice Cormier for Holding.
18:33 of 3rd period - David Wolf wins face-off versus FARM PLAYER20 in Penguins zone.
18:48 of 3rd period - Wrist shot by Chris Summers.
18:48 of 3rd period - Shot Misses the Net.
18:50 of 3rd period - Snap shot by Jani Hakanpaa.
18:50 of 3rd period - Deflect By FARMPLAYER2.
18:50 of 3rd period - Stopped by Martin Brodeur with a rebound.
18:52 of 3rd period - Slapshot by Jani Hakanpaa.
18:52 of 3rd period - Shot Blocked by Danny Biega.
18:54 of 3rd period - Slapshot by Jani Hakanpaa.
18:54 of 3rd period - Shot Misses the Net.
19:20 of 3rd period - Philippe Cornet is hit by Francis Wathier and loses puck.
19:37 of 3rd period - Mike Moore is hit by FARMPLAYER2.
19:43 of 3rd period - Wrist shot by Micheal Haley.
19:43 of 3rd period - Stopped by Martin Brodeur with a rebound.
Goals for this period are 0 for Wild vs 1 for Penguins.
Shots for this period are 10 for Wild vs 15 for Penguins.

Overtime #1


0:01 of 1st overtime period - FARM PLAYER20 wins face-off versus Mark Van Guilder in neutral zone.
0:13 of 1st overtime period - Mark Van Guilder is hit by Danny Biega and loses puck.
0:32 of 1st overtime period - Penalty to Patrice Cormier is over, Patrice Cormier is back on ice.
0:34 of 1st overtime period - Slapshot by Jerome Leduc.
0:34 of 1st overtime period - Stopped by Martin Brodeur without a rebound.
0:35 of 1st overtime period - Patrice Cormier wins face-off versus Mark Van Guilder in Penguins zone.
2:07 of 1st overtime period - Slapshot by Shane O'Brien.
2:07 of 1st overtime period - Stopped by Martin Brodeur with a rebound.
2:50 of 1st overtime period - Mike Moore is hit by Danny Biega and loses puck.
2:56 of 1st overtime period - Off-side.
2:57 of 1st overtime period - Jay Rosehill wins face-off versus Mark Van Guilder in neutral zone.
3:12 of 1st overtime period - Colin Stuart is hit by Jay Rosehill and loses puck.
3:31 of 1st overtime period - Anthony Camara is hit by Colton Parayko and loses puck.
3:36 of 1st overtime period - Slapshot by Danny Biega.
3:36 of 1st overtime period - Stopped by Jordan Binnington with a rebound.
3:42 of 1st overtime period - FARM PLAYER20 is hit by Mike Moore and loses puck.
4:07 of 1st overtime period - Colton Parayko is hit by Shane O'Brien and loses puck.
4:16 of 1st overtime period - Slapshot by Colton Parayko.
4:16 of 1st overtime period - Stopped by Jordan Binnington without a rebound.
4:17 of 1st overtime period - Mark Van Guilder wins face-off versus Patrice Cormier in Wild zone.
4:24 of 1st overtime period - Slapshot by Mike Moore.
4:24 of 1st overtime period - Deflect By Mark Van Guilder.
4:24 of 1st overtime period - Shot Misses the Net.
4:24 of 1st overtime period - Puck is out of play.
4:25 of 1st overtime period - Mark Van Guilder wins face-off versus Patrice Cormier in Penguins zone.
4:26 of 1st overtime period - Snap shot by Colin Stuart.
4:26 of 1st overtime period - Deflect By Mark Van Guilder.
4:26 of 1st overtime period - Shot Misses the Net.
4:26 of 1st overtime period - Puck is out of play.
4:27 of 1st overtime period - Mark Van Guilder wins face-off versus Patrice Cormier in Penguins zone.
4:58 of 1st overtime period - Wrist shot by Colin Stuart.
4:58 of 1st overtime period - Stopped by Martin Brodeur with a rebound.
Goals for this period are 0 for Wild vs 0 for Penguins.
Shots for this period are 3 for Wild vs 2 for Penguins.

ShootOut


5:00 of 1st overtime period - Penalty Shot by Mark Van Guilder for Wild.
5:00 of 1st overtime period - Wrist shot by Mark Van Guilder.
5:00 of 1st overtime period - Stopped by Martin Brodeur.
5:00 of 1st overtime period - Penalty Shot by FARMPLAYER2 for Penguins.
5:00 of 1st overtime period - Deke by FARMPLAYER2.
5:00 of 1st overtime period - Stopped by Jordan Binnington.
5:00 of 1st overtime period - Penalty Shot by Devin Shore for Wild.
5:00 of 1st overtime period - Wrist shot by Devin Shore.
5:00 of 1st overtime period - Stopped by Martin Brodeur.
5:00 of 1st overtime period - Penalty Shot by Patrice Cormier for Penguins.
5:00 of 1st overtime period - Backhand shot by Patrice Cormier.
5:00 of 1st overtime period - Shot Hit the Post.
5:00 of 1st overtime period - Penalty Shot by Micheal Haley for Wild.
5:00 of 1st overtime period - Backhand shot by Micheal Haley.
5:00 of 1st overtime period - Stopped by Martin Brodeur.
5:00 of 1st overtime period - Penalty Shot by Philippe Cornet for Penguins.
5:00 of 1st overtime period - Deke by Philippe Cornet.
5:00 of 1st overtime period - Goal by Philippe Cornet.